 Dungeon Crawl Stone Soup version 0.31-a0-940-gdaa99269f9 (webtiles) character file.

Game seed: 4739457358138565954

18907 bubster the Destroyer (level 12, -14/90 (95) HPs)
             Began as a Demonspawn Air Elementalist on Oct 20, 2023.
             Was an Elder of Vehumet.
             Demolished by a two-headed ogre
             ... wielding a +0 giant club
              (20 damage)
             ... on level 2 of the Orcish Mines.
             The game lasted 00:22:58 (15115 turns).

bubster the Destroyer (DsAE)                       Turns: 15115, Time: 00:22:58

HP:   -14/90 (95)   AC:  5    Str: 14    XL:     12   Next: 31%
MP:   0/24          EV: 11    Int: 21    God:    Vehumet [****..]
Gold: 2359          SH:  6    Dex: 15    Spells: 14/28 levels left

rFire   . . .        a - staff of conjuration
rCold   . . .        (no shield)
rNeg    . . .        y - +0 troll leather armour
rPois   .            r - +1 helmet
rElec   .            (cloak unavailable)
rCorr   .            (no gloves)
SInv    .            (no boots)
Will    .....        (no amulet)
Stlth   ++           g - +6 ring of strength
HPRegen 1.15/turn    m - ring of flight
MPRegen 0.38/turn

%: guardian spirit
@: flying, drained
A: large bone plates 2, magic shield, magic regeneration, demonic magic 1,
weakness stinger 3
a: Renounce Religion


You were on level 2 of the Orcish Mines.
You worshipped Vehumet.
Vehumet was greatly pleased with you.
You visited 3 branches of the dungeon, and saw 16 of its levels.
You also visited: Bailey.

You collected 2359 gold pieces.

Inventory:

Hand Weapons
 n - a +1 demon whip of venom
Missiles
 b - 12 curare-tipped darts
 u - a throwing net (quivered)
 H - 27 poisoned darts
 I - 4 datura-tipped darts
Armour
 r - a +1 helmet (worn)
 y - a +0 troll leather armour (worn)
Magical Staves
 a - a staff of conjuration (weapon)
 i - a staff of air
Jewellery
 g - a +6 ring of strength (left hand)
 m - a ring of flight (right hand)
 E - a ring of resist corrosion
 K - a ring of fire
Wands
 h - a wand of mindburst (18)
 w - a wand of flame (22)
 A - a wand of quicksilver (9)
 D - a wand of paralysis (8)
 J - a wand of iceblast (9)
Scrolls
 e - 2 scrolls of brand weapon
 f - 3 scrolls of vulnerability
 l - 3 scrolls of poison
 p - a scroll of butterflies {unknown}
 s - 6 scrolls of immolation
 x - 3 scrolls of blinking
 G - 3 scrolls of teleportation
 L - a scroll of amnesia
Potions
 c - 3 potions of mutation {unknown}
 d - 7 potions of lignification
 j - 2 potions of curing
 k - a potion of cancellation {unknown}
 o - 3 potions of enlightenment {unknown}
 q - 2 potions of heal wounds
 t - 4 potions of attraction
 v - a potion of invisibility
 B - a potion of brilliance
 C - 2 potions of berserk rage
 N - 2 potions of ambrosia


   Skills:
 + Level 9.3 Fighting
 - Level 1.7 Dodging
 - Level 1.7 Stealth
 + Level 8.8 Spellcasting
 + Level 9.4 Conjurations
 + Level 5.9 Fire Magic
 + Level 8.9 Air Magic
 + Level 5.7 Earth Magic


You had 14 spell levels left.
You knew the following spells:

 Your Spells              Type           Power      Damage    Failure   Level
a - Fireball              Conj/Fire      29%        3d13      3%          5
b - Static Discharge      Conj/Air       100%       3-8/arc   1%          2
c - Airstrike             Air            23%        2d(4-20)  1%          4
s - Swiftness             Air            46%        N/A       1%          3

Your spell library contained the following spells:

 Spells                   Type           Power      Damage    Failure   Level
 Flame Wave               Conj/Fire      58%        2d14      1%          4
 Magic Dart               Conj           100%       1d8       1%          1
 Shock                    Conj/Air       100%       1d9       1%          1
 Mephitic Cloud           Conj/Pois/Air  51%        N/A       1%          3
 Volatile Blastmotes      Fire/Tloc      42%        2d13      2%          3
 Fulminant Prism          Conj/Hex       21%        3d12      3%          4
 Iskenderun's Mystic Bla  Conj/Tloc      43%        2d10      3%          4
 Call Imp                 Summ           18%        N/A       14%         2
 Ensorcelled Hibernation  Hex/Ice        18%        N/A       14%         2
 Jinxbite                 Hex            18%        N/A       14%         2
 Call Canine Familiar     Summ           9%         N/A       28%         3
 Gell's Gravitas          Tloc           9%         N/A       28%         3
 Sigil of Binding         Hex            9%         N/A       28%         3
 Teleport Other           Tloc           9%         N/A       28%         3
 Leda's Liquefaction      Hex/Erth       10%        N/A       28%         4
 Anguish                  Hex/Necr       4%         N/A       67%         4
 Cause Fear               Hex            4%         N/A       67%         4
 Dimensional Bullseye     Hex/Tloc       4%         N/A       67%         4
 Dispersal                Tloc           4%         N/A       100%        6
 Dragon's Call            Summ           4%         N/A       100%        9


Dungeon Overview and Level Annotations

Branches:
Dungeon (13/15)            Temple (1/1) D:7            Lair (0/5) D:10
    Orc (2/2) D:11         Bailey (visited)
    Elf: Orc:2       Vaults: D:13-14

Altars:
Ashenzari
Cheibriados
Dithmenos
Fedhas
Gozag
Hepliaklqana
Kikubaaqudgha
Makhleb
Nemelex Xobeh
Okawaru
Qazlal
Ru
Sif Muna
Trog
Uskayaw
Vehumet
Wu Jian
Xom
Yredelemnul

Shops:
Orc:1 (

Annotations:
D:6 Jeremiah
D:9 2 runed translucent doors, Ahpoh's ghost, journeyman BaFi


Innate Abilities, Weirdness & Mutations

You are mostly covered in large bone plates. (SH +6)
When hurt, damage is shared between your health and your magic reserves.
You regenerate magic rapidly.
Spells you cast may paralyse adjacent enemies.
You have a sharp stinger which inflicts weakening toxins.


Message History

The orc wizard suddenly stops moving!
The two-headed ogre suddenly stops moving!
Casting: Static Discharge (safe; 1% risk of failure)
Confirm with . or Enter, or press ? or * to list all spells.
You feel a surge of power!
The two-headed ogre is struck by an arc of lightning!
The two-headed ogre is severely wounded.
You are struck by an arc of lightning.
The orc wizard is struck by an arc of lightning!
You kill the orc wizard!
Vehumet accepts your kill.
You feel your power returning.
You are struck by an arc of lightning.
The two-headed ogre is struck by an arc of lightning!
The two-headed ogre is severely wounded.
You are struck by an arc of lightning.
The lightning grounds out.
Malevolent energies surge around you.
Casting: Static Discharge (safe; 1% risk of failure)
Confirm with . or Enter, or press ? or * to list all spells.
You feel a surge of power!
The two-headed ogre is struck by an arc of lightning.
The two-headed ogre is severely wounded.
You are struck by an arc of lightning.
The lightning grounds out.
Malevolent energies surge around you.
The two-headed ogre is no longer paralysed.
You block the two-headed ogre's attack.
The two-headed ogre hits you with a +0 giant spiked club!
Casting: Static Discharge (safe; 1% risk of failure)
Confirm with . or Enter, or press ? or * to list all spells.
You feel a surge of power!
The two-headed ogre is struck by an arc of lightning.
The two-headed ogre is almost dead.
You are struck by an arc of lightning.
The two-headed ogre is struck by an arc of lightning.
The two-headed ogre is almost dead.
You are struck by an arc of lightning.
The lightning grounds out.
Malevolent energies surge around you.
The two-headed ogre hits you with a +0 giant club!!
* * * LOW HITPOINT WARNING * * *
The two-headed ogre hits you with a +0 giant spiked club!!
You die...

#......... #...........
#......... #..))......#
.........# ##..........#
#........###...._...$...
#.........#............
......[..##............
#.O[[...............
#.[@)[..............
##)##..........#....
####....[....## .
#.......#.## ##..#######
##.# ##. . .


You could see a two-headed ogre.

Vanquished Creatures
  4 two-headed ogres
  Sonja (D:11)
  Amaemon (D:9)
  Lodul (D:12)
  2 cyclopes
  Maurice (D:8)
  An orange demon (D:9)
  Maggie (D:7)
  2 gargoyles (D:12)
  A kobold demonologist (D:12)
  A troll (D:11)
  Prince Ribbit (D:7)
  Grinder (D:6)
  A hornet (D:5)
  6 slime creatures (D:12)
  10 yaks
  2 vampires (D:12)
  4 wraiths
  A basilisk (D:11)
  A steam dragon (D:8)
  A wyvern (D:7)
  Grum (D:9)
  2 vampire mosquitoes (D:12)
  2 acid dragons
  Edmund (D:6)
  3 water moccasins
  2 sky beasts
  14 orc warriors
  2 ice beasts (D:7)
  13 ogres
  4 centaurs
  4 wolves (D:9)
  10 kobold brigands
  Blork the orc (D:6)
  A gnoll sergeant (D:7)
  3 bullfrogs
  A scorpion (D:6)
  18 wights
  An electric eel (D:7)
  4 howler monkeys
  2 hounds
  7 orc priests
  Crazy Yiuf (D:5)
  A gnoll bouda (Orc:1)
  An iron imp (D:3)
  2 iguanas
  21 orc wizards
  7 adders
  7 gnolls
  A shadow imp (D:7)
  2 white imps (D:8)
  4 ufetubi
  2 dart slugs
  2 worms
  36 orcs
  6 endoplasms
  3 giant cockroaches
  7 goblins
  10 hobgoblins
  2 jackals (D:1)
  8 quokkas
  9 ball pythons
  9 bats
  A frilled lizard (D:1)
  19 kobolds
  9 rats
310 creatures vanquished.

Notes
Turn   | Place    | Note
-------+----------+-------------------------------------------
     0 | D:1      | bubster the Demonspawn Air Elementalist began the quest for
                  | the Orb.
     0 | D:1      | Reached XP level 1. HP: 13/13 MP: 3/3
   274 | D:1      | Gained mutation: You are partially covered in large bone
                  | plates. (SH +4) [demonic ancestry]
   274 | D:1      | Reached XP level 2. HP: 17/20 MP: 1/5
   636 | D:1      | Reached skill level 1 in Fighting
   754 | D:1      | Gained mutation: You regenerate magic rapidly. [demonic
                  | ancestry]
   754 | D:1      | Reached XP level 3. HP: 18/26 MP: 6/6
   975 | D:2      | Found a faded altar of an unknown god.
   986 | D:2      | Learned a level 2 spell: Static Discharge
  1814 | D:3      | Reached XP level 4. HP: 32/32 MP: 7/7
  2049 | D:3      | Found a shimmering blue altar of Sif Muna.
  2241 | D:3      | Found a snail-covered altar of Cheibriados.
  2257 | D:3      | Gained mutation: When hurt, damage is shared between your
                  | health and your magic reserves. [demonic ancestry]
  2257 | D:3      | Reached XP level 5. HP: 13/38 MP: 4/9
  3391 | D:4      | Learned a level 3 spell: Swiftness
  3396 | D:4      | Learned a level 4 spell: Airstrike
  3423 | D:5      | Entered Level 5 of the Dungeon
  3624 | D:5      | Noticed a hornet
  3647 | D:6      | Noticed a water moccasin
  3656 | D:6      | Killed a water moccasin
  3657 | D:6      | Gained mutation: You have a small tail. [demonic ancestry]
  3657 | D:6      | Reached XP level 6. HP: 28/46 MP: 2/11
  3710 | D:6      | Noticed a sky beast
  3766 | D:6      | Noticed Edmund
  3843 | D:5      | Noticed a water moccasin
  4178 | D:5      | Paralysed by a hornet for 2 turns
  4187 | D:5      | Killed a hornet
  4188 | D:5      | Gained mutation: Spells you cast may paralyse adjacent
                  | enemies. [demonic ancestry]
  4188 | D:5      | Reached XP level 7. HP: 12/52 MP: 1/12
  4435 | D:5      | Found a runed translucent door.
  4436 | D:5      | Noticed Crazy Yiuf
  4468 | D:5      | Found a stormy altar of Qazlal.
  4720 | D:5      | Killed Crazy Yiuf
  4797 | D:6      | Killed Edmund
  5119 | D:6      | Noticed Jeremiah
  5379 | D:6      | Reached skill level 5 in Air Magic
  5379 | D:6      | Reached XP level 8. HP: 33/57 MP: 1/15
  5667 | D:6      | Noticed Grinder
  5670 | D:6      | Paralysed by Grinder for 5 turns
  5677 | D:6      | Paralysed by Grinder for 2 turns
  5678 | D:6      | Noticed Blork the orc
  5688 | D:6      | Killed Blork the orc
  5689 | D:6      | Killed Grinder
  5690 | D:6      | Reached skill level 5 in Spellcasting
  5690 | D:6      | Reached skill level 5 in Conjurations
  5869 | D:7      | Reached skill level 5 in Fighting
  6420 | D:7      | Found a staircase to the Ecumenical Temple.
  6468 | Temple   | Entered the Ecumenical Temple
  6485 | Temple   | Became a worshipper of Vehumet
  7068 | D:7      | Noticed Prince Ribbit
  7078 | D:7      | Killed Prince Ribbit
  7079 | D:7      | Reached XP level 9. HP: 28/69 MP: 0/17
  7240 | D:7      | Identified a scroll of acquirement
  7240 | D:7      | Acquired a staff of air
  7555 | D:7      | Found an ornate altar of the Wu Jian Council.
  7716 | D:7      | Noticed Maggie
  7719 | D:7      | Killed Maggie
  7734 | D:7      | Acquired a staff of conjuration
  7977 | D:8      | Found a flagged portal.
  7984 | D:8      | Reached * piety under Vehumet
  7984 | D:8      | Offered knowledge of Kiss of Death by Vehumet.
  7988 | D:8      | Noticed Maurice
  8006 | D:8      | Paralysed by Maurice for 2 turns
  8008 | D:8      | Maurice stole a staff of conjuration
  8013 | D:8      | Maurice stole a ring of resist corrosion
  8016 | D:8      | Killed Maurice
  8017 | D:8      | Reached skill level 1 in Fire Magic
  8017 | D:8      | Reached skill level 1 in Earth Magic
  8103 | Bailey   | Entered a bailey
  8349 | Bailey   | Gained mutation: You have a tail ending in a sharp stinger.
                  | [demonic ancestry]
  8349 | Bailey   | Reached XP level 10. HP: 46/77 MP: 3/20
  8431 | Bailey   | Identified the +6 shortbow of Rubbish {heavy, Contam rN++
                  | Str+3 SInv}
  8583 | Bailey   | Found a burning altar of Makhleb.
  8995 | D:8      | Offered knowledge of Searing Ray by Vehumet.
  9148 | D:8      | Found a hide-covered altar of Uskayaw.
  9989 | D:9      | Noticed Grum
 10056 | D:9      | Killed Grum
 10193 | D:9      | Reached ** piety under Vehumet
 10642 | D:9      | Found a large runed translucent door.
 10642 | D:9      | Found a large runed translucent door.
 10643 | D:9      | Noticed Ahpoh's ghost (journeyman BaFi)
 10684 | D:9      | Offered knowledge of Dazzling Flash by Vehumet.
 10726 | D:9      | Noticed an orange demon
 10737 | D:9      | Killed an orange demon
 10788 | D:9      | Noticed Amaemon
 10807 | D:9      | Killed Amaemon
 10808 | D:9      | Gained mutation: You have a sharp stinger which inflicts
                  | weakening toxins. [demonic ancestry]
 10808 | D:9      | Reached XP level 11. HP: 58/86 MP: 4/22
 11225 | D:9      | Learned a level 5 spell: Fireball
 11251 | D:10     | Entered Level 10 of the Dungeon
 11779 | D:10     | Found a staircase to the Lair.
 12013 | D:10     | Reached *** piety under Vehumet
 12199 | D:10     | Acquired 1070 gold pieces
 12254 | Gauntlet | Identified the "Focitecu"
 12329 | D:11     | Noticed a two-headed ogre
 12333 | D:11     | Killed a two-headed ogre
 12701 | D:11     | Offered knowledge of Sticky Flame by Vehumet.
 12766 | D:11     | Noticed Sonja
 12769 | D:11     | Killed Sonja
 12912 | D:11     | Found a hazy altar of Hepliaklqana.
 13073 | D:11     | Found a staircase to the Orcish Mines.
 13137 | Orc:1    | Entered Level 1 of the Orcish Mines
 13315 | Orc:1    | Found Rockop's Weapon Shop.
 13373 | Orc:2    | Entered Level 2 of the Orcish Mines
 13393 | Orc:2    | Noticed a two-headed ogre
 13480 | D:12     | Reached **** piety under Vehumet
 13651 | D:12     | Offered knowledge of Flame Wave by Vehumet.
 13652 | D:12     | Reached skill level 5 in Fire Magic
 13719 | D:12     | Noticed Lodul
 13723 | D:12     | Killed Lodul
 13748 | D:12     | Reached skill level 5 in Earth Magic
 14172 | D:12     | Noticed a two-headed ogre
 14181 | D:12     | Killed a two-headed ogre
 14362 | D:12     | Gained mutation: You are mostly covered in large bone
                  | plates. (SH +6) [demonic ancestry]
 14362 | D:12     | Reached XP level 12. HP: 95/95 MP: 9/24
 14780 | D:13     | Noticed a vault guard
 14878 | Orc:2    | Killed a two-headed ogre
 14944 | Orc:2    | Noticed a two-headed ogre
 14988 | Orc:1    | Killed a two-headed ogre
 15091 | Orc:2    | Noticed a two-headed ogre
 15115 | Orc:2    | Demolished by a two-headed ogre

Illustrated notes

Levels and vault maps discovered:
D:1:      onia_arrival_pentagram, layout_basic, kennysheep_flooded_box
D:2:      layout_basic, dreamdust_ecumenical_altar_statues
D:3:      layout_loops_ring, led_sif_pool, slow_altar_2,
          minmay_misc_feat_pillars
D:4:      layout_cave_pools, serial_co_window_serial, co_window_paths_a,
          co_window_corner_a, co_window_corner_a, co_window_paths_b,
          co_window_paths_b, co_window_of_opportunity_c,
          co_window_of_opportunity_c, co_window_unsneaky_path_b,
          co_window_of_opportunity_b, co_window_cross_4,
          co_window_of_opportunity_c, co_window_paths_e, glass_columns_a,
          glass_columns_a, glass_columns_a, glass_columns_c, glass_columns_a
D:5:      layout_basic, nicolae_tso_swordbearing_angel,
          nicolae_qazlal_eye_of_the_storm, serial_glass, glass_columns_a,
          glass_columns_a, glass_columns_a, glass_columns_a,
          uniq_crazy_yiuf_cottage
D:6:      layout_basic, cheibrodos_sewer_entry_drain, uniq_blork_the_orc,
          uniq_jeremiah, uniq_edmund, uniq_grinder
D:7:      layout_loops_ring, nicolae_wu_jian_immortal_techniques,
          minmay_temple_entry_ruins, serial_bayou_ford_a, kennysheep_path_1,
          nrook_mini_vaults, kennysheep_generic_room_16, uniq_maggie,
          uniq_prince_ribbit1
D:8:      layout_basic, kennysheep_mini_moat, enter_bailey_5, serial_glass,
          glass_columns_c, glass_columns_b, uniq_maurice
D:9:      layout_irregular_city, nicolae_overflow_hidden_temple,
          ebering_ghost_disaster_area, uniq_grum, uniq_amaemon
D:10:     layout_loops_corners, lair_entry_dummy
D:11:     layout_roguey, orc_0_dummy, gauntlet_entry_generic,
          minmay_crystal_room, nzn_hepliaklqana_mist_gate, uniq_sonja
D:12:     layout_small_grid, grunt_ministairs_13, uniq_lodul
D:13:     layout_roguey, erik_vaults_1
Temple:   nicolae_temple_superstar
Orc:1:    layout_caves, serial_shops, nicolae_shop_back_alley_shop, basic_altar,
          uniq_erica
Orc:2:    st_orc_ogre_mass, layout_diamond_mine, serial_shops,
          nicolae_shop_temple_entry_statues_fountains,
          ebering_ghost_reflecting_pool, basic_altar

Skill      XL: |  1  2  3  4  5  6  7  8  9 10 11 |
---------------+----------------------------------+-----
Fighting       | 1 2 3 4 5 6 7 9 |  9.3
Air Magic      | 3 4 5 6 7 8 |  8.9
Conjurations   | 2 3 4 6 7 8 9 |  9.4
Spellcasting   | 3 4 5 6 7 8 |  8.8
Fire Magic     | 1 3 5 |  5.9
Earth Magic    | 1 3 5 |  5.7
Dodging        | |  1.7
Stealth        | |  1.7

Action                     |  1- 3 |  4- 6 |  7- 9 | 10-12 || total
---------------------------+-------+-------+-------+-------++-------
  Melee: Short sword       |   112 |       |       |       ||   112
         Hand axe          |     6 |   104 |     4 |       ||   114
         Tailslap          |       |     2 |    22 |    11 ||    35
         Quarterstaff      |       |       |   112 |     2 ||   114
         Staff             |       |       |    58 |    47 ||   105
  Throw: Throwing net      |       |     2 |       |       ||     2
   Cast: Shock             |    29 |    12 |     6 |       ||    47
         Static Discharge  |       |    12 |    27 |   175 ||   214
         Airstrike         |       |       |    57 |    51 ||   108
         Fireball          |       |       |       |    66 ||    66
    Use: Scroll            |       |     7 |     7 |     7 ||    21
         Potion            |       |     2 |       |     5 ||     7
   Stab: Sleeping          |     5 |     7 |       |       ||    12
         Paralysed         |       |       |     9 |     8 ||    17
 Armour: Robe              |    50 |    93 |   128 |       ||   271
         Skin              |       |    15 |       |       ||    15
         Steam dragon scal |       |       |    38 |    61 ||    99
         Leather armour    |       |       |       |   143 ||   143
         Troll leather arm |       |       |       |   156 ||   156
  Dodge: Dodged            |    65 |    80 |   105 |   103 ||   353
  Block: Other             |    19 |    21 |    36 |    28 ||   104

Table legend: (Time is in decaauts)
 A = Elapsed time spent in this place.
 B = Non-inter-level travel time spent in this place.
 C = Inter-level travel time spent in this place.
 D = Time resting spent in this place.
 E = Time spent auto-exploring this place.
 F = Levels seen in this place.
 G = Mean time per level.
                   A        B        C        D        E       F      G
               +--------+--------+--------+--------+--------+-----+--------+
         Total |  15279 |  14669 |    610 |     67 |  11981 |  17 |  898.8 |
       Dungeon |  14172 |  13619 |    553 |      8 |  11256 |  13 | 1090.2 |
        Temple |     34 |      2 |     32 |      0 |      0 |   1 |   34.0 |
  Orcish Mines |    493 |    469 |     24 |     59 |    289 |   2 |  246.5 |
        Bailey |    578 |    578 |      0 |      0 |    436 |   1 |  578.0 |
               +--------+--------+--------+--------+--------+-----+--------+

Top non-repeatable levels by time:
     D:7: 1759 daAuts
     D:8: 1565 daAuts
     D:6: 1433 daAuts
     D:5: 1327 daAuts
    D:11: 1244 daAuts
     D:9: 1201 daAuts
    D:12: 1115 daAuts
     D:3: 1070 daAuts
    D:10: 1002 daAuts
     D:1: 967 daAuts
     D:2: 754 daAuts
     D:4: 653 daAuts
  Bailey: 578 daAuts
   Orc:1: 408 daAuts
   Orc:2: 85 daAuts
